cohdb
Replays
Latest Replays
All Replays
Popular Replays
Top Player Replays
Match Explorer
How It Works
Community
CoH3 Stats
Reddit
Sign in to upload your games and track your stats! →
Sign in with Steam
Match 35449805
Unlisted
Match 35449805
Overview
Messages
Build Orders
End
Kradschützen Motorcycle Team
Panzergrenadier Squad
250 Light Carrier
Construct Light Support Kompanie
Assault Grenadier Squad
MG34 Team
Fire Support Elements
Flakvierling Half-track
Panzerjäger Mechanized Group
2.5-tonne Medical Truck
Assault Grenadier Squad
MG34 Team
Veteran Squad Leaders
Pak 38 Anti-tank Gun Team
Selects Armored Support Battlegroup
Selects Superior Fire Drills
Selects Salvage Kits
Selects Panzer Storm
Combat Half-tracks
Pak 38 Anti-tank Gun Team
Panzerpioneer Squad
Construct Panzerarmee Kommand
Selects Stuka Anti-tank Loiter
SgtSlaughter
DibbeTC
0
0
Comments
sign in to comment!
No comments posted yet!